Map: Prion Terraces

Players

Strange

  • Race: Protoss Protoss

EnVyUsPolt (Polt) - Winner!

  • Race: Terran Terran
  • League: Master

Event: DreamHack Open Tours WCS Spring Championship

VOD

Have the link to the VOD?

Description

Time

  • Played on: May 14, 2016, 8:01 a.m.
  • Length: 16:30

All games in this series

Show
View Real Time Build Order
Export as new Build Order

Strange Protoss 

Build Orders: 1 Gate Expand, Blink Stalkers 

Get SALT Encoding   

  12  0:01  Probe (Chrono Boost)  
  13  0:11  Probe (Chrono Boost)  
  14  0:17  Pylon  
  14  0:22  Probe (Chrono Boost)  
  15  0:35  Probe (Chrono Boost)  
  16  0:36  Gateway  
  16  0:41  Assimilator  
  16  0:46  Probe (Chrono Boost)  
  17  0:56  Probe (Chrono Boost)  
  18  1:07  Probe (Chrono Boost)  
  19  1:20  Nexus  
  19  1:29  Cybernetics Core  
  19  1:33  Probe (Chrono Boost)  
  19  1:39  Assimilator  
  20  1:43  Probe (Chrono Boost)  
  21  1:48  Pylon  
  22  1:54  Probe (Chrono Boost)  
  22  2:07  Mothership Core (Chrono Boost), Adept  
  26  2:15  Warp Gate (Chrono Boost)  
  26  2:25  Probe (Chrono Boost)  
  27  2:32  Probe (Chrono Boost)  
  27  2:36  Probe (Chrono Boost)  
  29  2:37  Twilight Council  
  29  2:43  Probe (Chrono Boost)  
  30  2:46  Probe (Chrono Boost)  
  31  2:53  Probe (Chrono Boost)  
  31  2:57  Probe (Chrono Boost)  
  33  3:04  Probe (Chrono Boost), Blink (Chrono Boost)  
  34  3:06  Gateway  
  34  3:07  Probe (Chrono Boost)  
  34  3:08  Gateway  
  35  3:13  Probe (Chrono Boost)  
  35  3:18  Probe  
  37  3:24  Probe  
  38  3:29  Robotics Facility  
  38  3:30  Probe  
  38  3:33  Assimilator  
  39  3:34  Probe  
  40  3:42  Probe, Pylon  
  40  3:45  Probe  
  42  3:54  Probe  
  41  3:57  Probe  
  41  4:00  Nexus  
  41  4:02  Pylon  
  42  4:10  Pylon  
  42  4:14  Pylon  
  42  4:18  Observer (Chrono Boost)  
  42  4:19  Stalker  
  42  4:20  Stalker x2  
  49  4:28  Assimilator  
  49  4:31  Forge  
  49  4:36  Observer (Chrono Boost)  
  50  4:43  Stalker x3  
  56  5:02  Pylon  
  56  5:04  Pylon  
  56  5:06  Stalker  
  56  5:07  Stalker x2  
  62  5:18  Probe x2  
  64  5:27  Gateway, Protoss Ground Weapons Level 1 (Chrono Boost)  
  64  5:29  Gateway  
  64  5:31  Gateway  
  64  5:35  Resonating Glaives (Chrono Boost)  
  64  5:36  Gateway  
  64  5:39  Probe  
  64  5:40  Probe  
  66  5:43  Probe  
  66  5:47  Stalker  
  66  5:48  Stalker  
  71  5:50  Stalker  
  71  5:56  Probe  
  74  5:57  Probe, Pylon  
  74  5:58  Probe  
  75  6:08  Probe  
  75  6:09  Probe x2  
  74  6:17  Sentry  
  74  6:18  Sentry x2  
  80  6:20  Probe  
  80  6:21  Probe, Immortal  
  82  6:29  Adept x2  
  82  6:30  Sentry  
  92  6:39  Gateway  
  92  6:43  Stalker x3  
  92  6:44  Zealot  
  97  7:01  Stalker x2  
  97  7:02  Stalker  
  101  7:11  Stalker x3  
  101  7:30  Stalker  
  101  7:31  Stalker x3  
  105  7:44  Adept x4  
  85  8:06  Immortal, Adept x6  
  85  8:07  Adept x2  
  85  8:09  Probe  
  98  8:27  Pylon  
  98  8:28  Sentry, Assimilator  
  98  8:29  Sentry x2, Pylon  
  98  8:30  Pylon, Stalker  
  98  8:31  Stalker x2  
  98  8:32  Zealot x2  
  114  8:40  Warp Prism  
  112  9:02  Adept x8  
  120  9:11  Immortal  
  120  9:14  Assimilator  
  120  9:16  Pylon  
  124  9:18  Pylon  
  124  9:23  Stalker  
  124  9:24  Stalker x5  
  116  9:44  Adept x2  
  100  9:51  Adept x5  
  84  10:13  Stalker x3  
  84  10:14  Stalker x2, Adept  
  94  10:15  Adept x2  
  92  10:22  Immortal  
  94  10:31  Protoss Ground Armor Level 1  
  94  10:38  Adept x7  
  102  10:56  Immortal  
  102  11:00  Adept  
  102  11:01  Adept x6  
  119  11:22  Sentry x3  
  119  11:23  Sentry x2  
  119  11:25  Nexus  
  129  11:26  Pylon, Sentry  
  131  11:45  Adept  
  131  11:46  Adept x4  
  133  12:13  Protoss Ground Weapons Level 2  
  133  12:15  Adept x7  
  135  12:21  Observer  
  126  12:39  Sentry x5, Observer  
  137  13:04  Stalker x2  
  137  13:05  Stalker x4  
  149  13:24  Assimilator  
  149  13:25  Pylon, Assimilator  
  149  13:29  Adept  
  149  13:34  Immortal  
  153  13:47  Adept  
  154  14:01  Adept x5  
  154  14:02  Adept  
  166  14:22  Adept x4  
  166  14:23  Adept  
  171  14:30  Adept x2  
  139  14:55  Pylon x2  
  139  15:00  Pylon  
  139  15:05  Pylon  
Show
View Real Time Build Order
Export as new Build Order

EnVyUsPolt Terran - Winner!

Build Orders: Reaper Expand, MMM Bio 

Get SALT Encoding   

  12  0:00  SCV  
  13  0:13  SCV  
  14  0:17  Supply Depot  
  14  0:25  SCV  
  15  0:39  SCV  
  15  0:40  Barracks  
  16  0:45  Refinery  
  16  0:51  SCV  
  17  1:03  SCV  
  18  1:15  SCV  
  19  1:27  Orbital Command  
  19  1:29  Reaper  
  20  1:39  Command Center  
  20  1:49  Supply Depot  
  20  1:53  SCV  
  21  2:02  Barracks Reactor  
  21  2:05  SCV  
  21  2:07  Barracks  
  22  2:17  SCV  
  23  2:26  Factory  
  23  2:31  SCV  
  23  2:38  Marine x2  
  23  2:43  SCV  
  26  2:51  Orbital Command  
  26  2:54  Barracks Tech Lab  
  26  2:56  SCV, Marine x2  
  29  3:08  SCV  
  29  3:11  Refinery  
  32  3:12  Marine  
  32  3:14  Marine x2, Stimpack  
  32  3:17  SCV  
  32  3:19  Widow Mine  
  36  3:21  Supply Depot, SCV  
  37  3:29  SCV  
  37  3:32  Marauder, Marine x2  
  37  3:33  SCV  
  43  3:39  Supply Depot  
  43  3:42  SCV  
  43  3:45  SCV  
  45  3:50  Marine x2  
  45  3:54  SCV, Marauder  
  50  3:57  Supply Depot, SCV  
  53  4:06  SCV  
  53  4:07  Engineering Bay  
  53  4:08  Marine x2  
  53  4:09  SCV  
  57  4:13  Starport  
  57  4:14  Supply Depot  
  57  4:15  Refinery, Marauder  
  57  4:16  Starport  
  59  4:17  Factory Reactor  
  59  4:20  SCV  
  59  4:21  SCV  
  59  4:25  Marine x2  
  61  4:32  SCV  
  61  4:33  Refinery, SCV  
  61  4:36  Marauder  
  65  4:38  Missile Turret  
  65  4:43  Marine x2  
  65  4:44  SCV  
  69  4:45  SCV  
  69  4:53  Command Center  
  69  4:56  SCV  
  69  4:57  SCV  
  69  4:59  Marauder  
  73  5:01  Marine x2  
  73  5:02  Supply Depot  
  74  5:07  Medivac  
  74  5:08  Medivac  
  74  5:13  SCV x2  
  75  5:19  Marine x2  
  75  5:21  Marauder  
  74  5:25  SCV x2  
  74  5:28  Barracks  
  74  5:33  Barracks x2  
  74  5:38  Marine x2  
  74  5:40  SCV x2  
  74  5:42  Marauder  
  78  5:46  Medivac x2  
  80  5:52  Widow Mine  
  80  5:56  Supply Depot  
  82  5:58  Supply Depot  
  81  6:08  Liberator x2  
  81  6:09  Marauder  
  81  6:10  Combat Shields, Marine x2  
  85  6:13  Terran Infantry Weapons Level 1  
  85  6:18  Barracks Tech Lab  
  85  6:19  SCV x2  
  85  6:24  Barracks Tech Lab, Barracks Reactor  
  93  6:32  Orbital Command  
  93  6:34  SCV x2  
  95  6:40  Marine x2  
  95  6:41  Marauder x2, Concussive Shells  
  95  6:43  Marine  
  102  6:53  SCV x2  
  104  6:54  Refinery  
  104  6:57  Refinery  
  95  7:02  Marauder, Marine x4  
  95  7:03  Marauder x2  
  95  7:07  Liberator  
  103  7:10  SCV x3  
  104  7:22  SCV x3  
  104  7:26  Marauder x3, Marine  
  117  7:34  Supply Depot  
  117  7:35  Supply Depot  
  117  7:36  Supply Depot x2, Marine x2  
  119  7:38  Liberator  
  113  7:49  Marauder x3  
  113  7:50  Marine  
  115  7:54  Marine, Barracks Reactor  
  115  7:56  SCV x3  
  119  8:02  Starport, Fusion Core  
  114  8:08  Orbital Command  
  114  8:10  Marauder  
  114  8:12  SCV x2  
  115  8:17  Marauder x2, Marine x2  
  120  8:22  Liberator  
  120  8:24  SCV x2  
  122  8:32  Marauder  
  124  8:38  Marauder x2, Marine x4  
  124  8:40  Factory Reactor  
  124  8:41  Starport Tech Lab  
  135  8:53  Marauder  
  132  8:56  Marine x3  
  132  9:00  Marauder x2  
  132  9:02  Liberator  
  140  9:05  Liberator  
  140  9:13  Marine x2  
  140  9:14  Barracks Reactor  
  140  9:15  Factory Reactor, Marauder  
  140  9:16  Terran Infantry Armor Level 1  
  142  9:17  Advanced Ballistics  
  142  9:21  Marauder x2  
  151  9:31  Marine  
  151  9:36  Marauder  
  138  9:39  Marine  
  138  9:42  Marauder  
  138  9:43  Marauder  
  124  9:45  SCV  
  124  9:46  SCV x2  
  124  9:49  Marine  
  112  9:54  Marine x2  
  112  9:57  Marauder, Marine  
  112  9:58  SCV x3  
  105  10:03  Marine  
  105  10:04  Marauder  
  106  10:07  Marine  
  106  10:10  SCV x3  
  106  10:12  Marine  
  111  10:18  Marine  
  111  10:19  Marauder  
  114  10:22  Marauder  
  114  10:24  Liberator  
  114  10:25  Refinery, Marauder, Marine  
  118  10:38  Marine  
  118  10:40  Marauder  
  125  10:42  Marine  
  125  10:43  Marauder  
  125  10:47  Marauder  
  130  10:52  Barracks  
  130  10:53  Barracks  
  130  10:54  Barracks  
  130  10:55  Supply Depot  
  127  11:01  Marauder  
  129  11:04  Marauder  
  129  11:08  Factory  
  129  11:11  Liberator  
  131  11:12  Marauder, Marine x2  
  135  11:23  Marauder  
  137  11:26  Marauder, Command Center  
  142  11:38  Sensor Tower  
  142  11:44  Barracks Tech Lab, Barracks Reactor x2  
  142  11:45  Marine x3  
  142  11:46  Marine  
  142  11:47  Marine  
  145  12:03  Marine x2  
  145  12:04  Marauder x2, Marine x2  
  145  12:05  Liberator  
  134  12:21  Marine  
  138  12:26  Factory Reactor, Starport  
  138  12:29  Marauder x3, Marine x6  
  150  12:39  Marine  
  150  12:42  Command Center  
  151  12:48  Liberator  
  151  12:53  Liberator x2  
  151  12:59  SCV  
  151  13:00  SCV x2  
  163  13:28  Planetary Fortress  
  163  13:30  SCV x3  
  164  13:37  Marauder, Marine x3  
  164  13:39  Marine, Liberator x2  
  169  13:42  Marine x2, Liberator  
  169  13:44  Marine  
  175  14:21  Liberator x2  
  166  14:26  Marauder, Marine x8  
  166  14:27  Marine  

Tags
 
Add a new tag
Caveats
  • Supply blocks, unpowered buildings, or Contaminate may cause inaccurate times.
  • Supply counts are checked every 10 seconds.